Admirals vs Whale

Created - Tuesday, November 11, 2014 at 23:19

Goals
1 2 3 OT1 SO T
Admirals 0 1 0 0 1 2
Whale 0 0 1 0 0 1
Shots
1 2 3 OT1 SO T
Admirals 3 10 9 6 5 28
Whale 9 8 6 3 5 26

1st period

No Goal

Penalties :
No Penalty

2nd period

1. Admirals , Mike Zigomanis 8 (Carter Ashton, Scott Ford) at 14:52 (PP)

Penalties :
Nick Tarnasky (CON) for Interference (Minor) at 8:08, Justin Falk (CON) for Hooking (Minor) at 14:17

3rd period

2. Whale , Radek Dvorak 1 (Colin Fraser) at 0:40

Penalties :
Jay Rosehill (CON) for Fighting (Major) at 4:12, Carter Ashton (NOR) for Fighting (Major) at 4:12, Jay Rosehill (CON) for instigated a fight (Minor) at 4:12, Jay Rosehill (CON) for instigated a fight (10 Minutes Misconduct) at 4:12

Overtime #1

No Goal

Penalties :
No Penalty

Shootout

Penalty Shot by Jonathan Marchessault for Admirals - Shot Misses the Net
Penalty Shot by Radek Dvorak for Whale - Stopped by David LeNeveu
Penalty Shot by Jean-Gabriel Pageau for Admirals - Stopped by Tomas Vokoun
Penalty Shot by Colin Fraser for Whale - Stopped by David LeNeveu
Penalty Shot by Mike Zigomanis for Admirals - Shot Misses the Net
Penalty Shot by Nick Tarnasky for Whale - Stopped by David LeNeveu
Penalty Shot by Jerry D'Amigo for Admirals - Stopped by Tomas Vokoun
Penalty Shot by Mike Hedden for Whale - Stopped by David LeNeveu
Penalty Shot by Carter Camper for Admirals - Goal!
Penalty Shot by Kelly Zajac for Whale - Stopped by David LeNeveu

Penalties :
No Penalty

Goalie Stats

David LeNeveu (NOR), 25 saves from 26 shots - (0.962), W, 1-0-0, 65:00 minutes
Tomas Vokoun (CON), 27 saves from 28 shots - (0.964), OTL, 4-7-4, 65:00 minutes

Players Stats for Admirals

Player Name              G  A  P  +/- PIM S  H  SB GA TA FO     MP     PP MP  PK MP  
------------------------------------------------------------------------------------
Alex Grant               0  0  0  -1  0   2  2  1  0  4  0/0    29:02   2:19   0:00 
Brayden Irwin            0  0  0   0  0   2  1  0  0  0  0/0     2:46   0:00   0:00 
Bryan Rodney             0  0  0  -1  0   1  1  3  0  1  0/0    26:38   2:19   0:00 
Cade Fairchild           0  0  0   0  0   1  2  5  0  3  0/0    25:19   2:14   0:00 
Carter Ashton            0  1  1   0  5   2  3  1  2  0  0/0    18:04   1:00   0:00 
Carter Camper            0  0  0  -1  0   4  1  2  0  2  5/11   24:00   1:49   0:00 
Darryl Boyce             0  0  0   0  0   5  0  1  0  1  0/1    20:06   1:16   0:00 
Farm Player2             0  0  0   0  0   0  1  0  0  0  0/0    19:35   0:46   0:00 
Jean-Gabriel Pageau      0  0  0   0  0   2  1  2  1  0  3/3    19:18   1:53   0:00 
Jerry D'Amigo            0  0  0  -1  0   2  3  0  4  0  1/2    17:43   2:20   0:00 
Jonathan Marchessault    0  0  0  -1  0   3  2  0  1  2  3/7    23:56   1:58   0:00 
Maxime Langelier-Parent  0  0  0   0  0   0  0  0  0  0  0/0     3:42   0:00   0:00 
Mike Sislo               0  0  0   0  0   2  1  0  1  2  0/2    17:15   0:24   0:00 
Mike Zigomanis           1  0  1   0  0   1  0  1  2  0  3/6    19:39   2:13   0:00 
Nathan McIver            0  0  0   0  0   0  0  1  0  1  0/0     5:47   0:00   0:00 
Ryan Bourque             0  0  0   0  0   1  0  1  2  0  1/4    18:27   0:00   0:00 
Scott Ford               0  1  1   0  0   0  0  0  0  1  0/0    25:02   2:14   0:00 
Sven Andrighetto         0  0  0   0  0   0  0  0  0  0  0/0     3:40   0:00   0:00 

Players Stats for Whale

Player Name              G  A  P  +/- PIM S  H  SB GA TA FO     MP     PP MP  PK MP  
------------------------------------------------------------------------------------
Brendan Ranford          0  0  0   0  0   2  2  0  2  0  3/3    17:47   0:00   0:00 
Brennan Evans            0  0  0   0  0   0  3  0  0  0  0/0    17:49   0:00   0:00 
Chris McKelvie           0  0  0   0  0   0  1  0  2  0  3/4    16:21   0:00   0:45 
Colin Fraser             0  1  1   1  0   1  3  0  3  1  5/10   19:34   0:00   3:00 
Dallas Jackson           0  0  0   0  0   2  1  1  0  2  0/0    20:13   0:00   2:16 
Denis Grebeshkov         0  0  0   1  0   0  0  0  1  0  0/0    22:00   0:00   2:17 
Denny Urban              0  0  0   0  0   0  0  0  0  1  0/0    17:21   0:00   0:00 
Derek Nesbitt            0  0  0   0  0   0  1  0  0  0  0/0    11:30   0:00   0:00 
Dylan McIlrath           0  0  0   0  0   0  0  0  0  0  0/0     6:20   0:00   0:00 
James Livingston         0  0  0   0  0   1  1  0  2  1  0/0    17:24   0:00   1:18 
Jay Rosehill             0  0  0   0  17  3  2  0  1  0  0/0     9:46   0:00   0:00 
Jon Sim                  0  0  0   0  0   3  1  1  4  0  0/0    16:14   0:00   0:00 
Justin Falk              0  0  0   1  2   3  1  1  1  1  0/0    26:37   0:00   2:17 
Kelly Zajac              0  0  0   0  0   2  0  0  1  1  6/10   16:43   0:00   0:00 
Mike Hedden              0  0  0   0  0   3  1  1  3  0  0/0    19:30   0:00   1:33 
Mike Moore               0  0  0   0  0   1  1  0  0  0  0/0    21:15   0:00   2:16 
Nick Tarnasky            0  0  0   1  2   2  1  0  0  2  0/0    15:35   0:00   0:48 
Radek Dvorak             1  0  1   1  0   3  2  0  9  1  3/9    23:25   0:00   1:42 

3 Stars

1 - Tomas Vokoun (CON)
2 - David LeNeveu (NOR)
3 - Radek Dvorak (CON)

Power Play

Admirals - 1 on 3 Attempt(s) - 33.33%
Whale - 0 on 0 Attempt(s) - 0.00%

Penalty Kill

Admirals - 0 on 0 Attempt(s) - 0.00% - Score 0 goal in Penalty Kill
Whale - 2 on 3 Attempt(s) - 66.67% - Score 0 goal in Penalty Kill

Official

Referees : Unknown
Linesman : Unknown

Game Notes

Jay Rosehill beats up Carter Ashton at 4:12 of 3rd period

Finance

Level 1 -- Attendance: 1538 (76.90%) -- Ticket Income $53,830
Level 2 -- Attendance: 678 (67.80%) -- Ticket Income $10,170
Total Attendance: 2216 (73.87%)
Total Ticket Income: $64,000
Other Income: $31,360
Total Income: $95,360

Admirals

5 vs 5 Forward 
   Center                   Left Wing                Right Wing               Time % Phy DF OF 
 1 Carter Camper            Jonathan Marchessault    Jerry D'Amigo            35     1   2  2  
 2 Mike Zigomanis           Jean-Gabriel Pageau      Carter Ashton            30     1   2  2  
 3 Carter Camper            Darryl Boyce             Mike Sislo               22     1   2  2  
 4 Ryan Bourque             Jonathan Marchessault    Jean-Gabriel Pageau      13     1   2  2  

5 vs 5 Defense 
   Defense                  Defense                                           Time % Phy DF OF 
 1 Alex Grant               Bryan Rodney                                      35     1   2  2  
 2 Cade Fairchild           Scott Ford                                        30     1   2  2  
 3 Alex Grant               Farm Player2                                      22     1   2  2  
 4 Alex Grant               Bryan Rodney                                      13     1   2  2  

PowerPlay Forward 
   Center                   Left Wing                Right Wing               Time % Phy DF OF 
 1 Jean-Gabriel Pageau      Jonathan Marchessault    Jerry D'Amigo            60     1   2  2  
 2 Mike Zigomanis           Carter Camper            Carter Ashton            40     1   2  2  

PowerPlay Defense
   Defense                  Defense                                           Time % Phy DF OF 
 1 Alex Grant               Bryan Rodney                                      60     1   2  2  
 2 Cade Fairchild           Scott Ford                                        40     1   2  2  

Penalty Kill 4 Players Forward 
   Center                   Wing                     Time % Phy DF OF 
 1 Jonathan Marchessault    Carter Camper            60     1   2  2  
 2 Mike Zigomanis           Jerry D'Amigo            40     1   2  2  

Penalty Kill 4 Players Defense
   Defense                  Defense                  Time % Phy DF OF 
 1 Alex Grant               Bryan Rodney             60     1   2  2  
 2 Cade Fairchild           Scott Ford               40     1   2  2  

Penalty Kill - 3 Players Forward 
   Forward                                           Time % Phy DF OF 
 1 Jonathan Marchessault                             60     1   2  2  
 2 Jerry D'Amigo                                     40     1   2  2  

Penalty Kill - 3 Players Defense
   Defense                  Defense                  Time % Phy DF OF 
 1 Alex Grant               Bryan Rodney             60     1   2  2  
 2 Cade Fairchild           Scott Ford               40     1   2  2  

4 vs 4 Forward 
   Center                   Wing                     Time % Phy DF OF 
 1 Jonathan Marchessault    Carter Camper            60     1   2  2  
 2 Mike Zigomanis           Jerry D'Amigo            40     1   2  2  

4 vs 4 Defense
   Defense                  Defense                  Time % Phy DF OF 
 1 Alex Grant               Bryan Rodney             60     1   2  2  
 2 Cade Fairchild           Scott Ford               40     1   2  2  

Last Minutes Offensive
   Center                   Left Wing                Right Wing               Defense                  Defense                  
   Jean-Gabriel Pageau      Jonathan Marchessault    Jerry D'Amigo            Alex Grant               Bryan Rodney             

Last Minutes Defensive
   Center                   Left Wing                Right Wing               Defense                  Defense                  
   Jean-Gabriel Pageau      Jonathan Marchessault    Jerry D'Amigo            Alex Grant               Bryan Rodney             

Goaltenders
Starting : David LeNeveu            
Backup : Brad Thiessen            

Extra Forwards
Normal : Carter Camper, Darryl Boyce, Ryan Bourque - PP : Carter Camper, Darryl Boyce - PK : Ryan Bourque
Extra Defensemen
Normal : Alex Grant, Farm Player2, Cade Fairchild - PP : Alex Grant - PK : Farm Player2, Cade Fairchild
Penalty Shots
Jonathan Marchessault, Jean-Gabriel Pageau, Mike Zigomanis, Jerry D'Amigo, Carter Camper

Whale

5 vs 5 Forward 
   Center                   Left Wing                Right Wing               Time % Phy DF OF 
 1 Colin Fraser             Nick Tarnasky            Radek Dvorak             35     1   2  2  
 2 Kelly Zajac              Mike Hedden              Jon Sim                  30     1   2  2  
 3 Chris McKelvie           Brendan Ranford          James Livingston         22     1   2  2  
 4 Radek Dvorak             Jay Rosehill             Derek Nesbitt            13     1   2  2  

5 vs 5 Defense 
   Defense                  Defense                                           Time % Phy DF OF 
 1 Justin Falk              Denis Grebeshkov                                  35     1   2  2  
 2 Dallas Jackson           Mike Moore                                        30     1   2  2  
 3 Denny Urban              Brennan Evans                                     22     1   2  2  
 4 Dylan McIlrath           Justin Falk                                       13     1   2  2  

PowerPlay Forward 
   Center                   Left Wing                Right Wing               Time % Phy DF OF 
 1 Colin Fraser             Nick Tarnasky            Radek Dvorak             60     1   2  2  
 2 Kelly Zajac              Mike Hedden              Jon Sim                  40     1   2  2  

PowerPlay Defense
   Defense                  Defense                                           Time % Phy DF OF 
 1 Justin Falk              Denis Grebeshkov                                  60     1   2  2  
 2 Dallas Jackson           Mike Moore                                        40     1   2  2  

Penalty Kill 4 Players Forward 
   Center                   Wing                     Time % Phy DF OF 
 1 Radek Dvorak             Colin Fraser             60     1   2  2  
 2 Nick Tarnasky            Mike Hedden              40     1   2  2  

Penalty Kill 4 Players Defense
   Defense                  Defense                  Time % Phy DF OF 
 1 Justin Falk              Denis Grebeshkov         60     1   2  2  
 2 Dallas Jackson           Mike Moore               40     1   2  2  

Penalty Kill - 3 Players Forward 
   Forward                                           Time % Phy DF OF 
 1 Radek Dvorak                                      60     1   2  2  
 2 Colin Fraser                                      40     1   2  2  

Penalty Kill - 3 Players Defense
   Defense                  Defense                  Time % Phy DF OF 
 1 Justin Falk              Denis Grebeshkov         60     1   2  2  
 2 Dallas Jackson           Mike Moore               40     1   2  2  

4 vs 4 Forward 
   Center                   Wing                     Time % Phy DF OF 
 1 Radek Dvorak             Colin Fraser             60     1   2  2  
 2 Nick Tarnasky            Mike Hedden              40     1   2  2  

4 vs 4 Defense
   Defense                  Defense                  Time % Phy DF OF 
 1 Justin Falk              Denis Grebeshkov         60     1   2  2  
 2 Dallas Jackson           Mike Moore               40     1   2  2  

Last Minutes Offensive
   Center                   Left Wing                Right Wing               Defense                  Defense                  
   Colin Fraser             Nick Tarnasky            Radek Dvorak             Justin Falk              Denis Grebeshkov         

Last Minutes Defensive
   Center                   Left Wing                Right Wing               Defense                  Defense                  
   Colin Fraser             Nick Tarnasky            Radek Dvorak             Justin Falk              Denis Grebeshkov         

Goaltenders
Starting : Tomas Vokoun             
Backup : Jeff Malcolm             

Extra Forwards
Normal : Brendan Ranford, Jay Rosehill, James Livingston - PP : Brendan Ranford, Jay Rosehill - PK : James Livingston
Extra Defensemen
Normal : Denny Urban, Brennan Evans, Dylan McIlrath - PP : Denny Urban - PK : Brennan Evans, Dylan McIlrath
Penalty Shots
Radek Dvorak, Colin Fraser, Nick Tarnasky, Mike Hedden, Kelly Zajac

% Time on Ice - Admirals

Lines # - Real PCT - Wanted PCT - Time Play
Normal Forward
1 - 32% - 35% - 17:40
2 - 29% - 30% - 16:12
3 - 26% - 22% - 14:14
4 - 13% - 13% - 7:21
Normal Defense
1 - 34% - 35% - 18:49
2 - 37% - 30% - 20:45
3 - 22% - 22% - 12:04
4 - 7% - 13% - 3:49
PP Forward
1 - 51% - 60% - 2:20
2 - 49% - 40% - 2:13
PP Defense
1 - 51% - 60% - 2:19
2 - 49% - 40% - 2:14
PK Forward
1 - 0% - 60%
2 - 0% - 40%
PK Defense
1 - 0% - 60%
2 - 0% - 40%
PK3 Forward
1 - 0% - 60%
2 - 0% - 40%
PK3 Defense
1 - 0% - 60%
2 - 0% - 40%
44 Forward
1 - 100% - 60% - 5:00
2 - 0% - 40% - 0:00
44 Defense
1 - 60% - 60% - 2:59
2 - 40% - 40% - 2:01
Last Minute Offensive  - 0:00
Last Minute Defensive  - 0:00
Total
Forward - 65:00
Defense - 65:00

% Time on Ice - Whale

Lines # - Real PCT - Wanted PCT - Time Play
Normal Forward
1 - 27% - 35% - 15:06
2 - 27% - 30% - 15:07
3 - 24% - 22% - 13:31
4 - 21% - 13% - 11:43
Normal Defense
1 - 29% - 35% - 16:00
2 - 29% - 30% - 16:02
3 - 31% - 22% - 17:21
4 - 11% - 13% - 6:04
PP Forward
1 - 0% - 60%
2 - 0% - 40%
PP Defense
1 - 0% - 60%
2 - 0% - 40%
PK Forward
1 - 82% - 60% - 3:45
2 - 18% - 40% - 0:48
PK Defense
1 - 50% - 60% - 2:17
2 - 50% - 40% - 2:16
PK3 Forward
1 - 0% - 60%
2 - 0% - 40%
PK3 Defense
1 - 0% - 60%
2 - 0% - 40%
44 Forward
1 - 89% - 60% - 4:26
2 - 11% - 40% - 0:34
44 Defense
1 - 62% - 60% - 3:05
2 - 38% - 40% - 1:55
Last Minute Offensive  - 0:00
Last Minute Defensive  - 0:00
Total
Forward - 65:00
Defense - 65:00

Play by Play

1st period


0:01 of 1st period - Colin Fraser wins face-off versus Carter Camper in neutral zone.
0:28 of 1st period - Snap shot by Radek Dvorak.
0:28 of 1st period - Shot Misses the Net.
1:00 of 1st period - Wrist shot by Kelly Zajac.
1:00 of 1st period - Shot Misses the Net.
1:02 of 1st period - Slapshot by Dallas Jackson.
1:02 of 1st period - Deflect By Jerry D'Amigo.
1:02 of 1st period - Stopped by David LeNeveu with a rebound.
1:10 of 1st period - Wrist shot by Kelly Zajac.
1:10 of 1st period - Stopped by David LeNeveu without a rebound.
1:11 of 1st period - Chris McKelvie wins face-off versus Mike Zigomanis in Admirals zone.
2:45 of 1st period - Icing by Jon Sim.
2:46 of 1st period - Carter Camper wins face-off versus Kelly Zajac in Whale zone.
4:49 of 1st period - Alex Grant is hit by Jay Rosehill and loses puck.
5:20 of 1st period - Carter Camper is hit by Justin Falk and loses puck.
5:28 of 1st period - Off-side.
5:29 of 1st period - Colin Fraser wins face-off versus Carter Camper in neutral zone.
5:40 of 1st period - Snap shot by Radek Dvorak.
5:40 of 1st period - Stopped by David LeNeveu without a rebound.
5:41 of 1st period - Jonathan Marchessault wins face-off versus Colin Fraser in Admirals zone.
5:41 of 1st period - Jonathan Marchessault is hit by Nick Tarnasky.
5:54 of 1st period - Icing by Jerry D'Amigo.
5:55 of 1st period - Chris McKelvie wins face-off versus Ryan Bourque in Admirals zone.
6:28 of 1st period - Off-side.
6:29 of 1st period - Kelly Zajac wins face-off versus Mike Sislo in neutral zone.
6:50 of 1st period - Mike Hedden is hit by Jean-Gabriel Pageau.
8:45 of 1st period - Snap shot by Darryl Boyce.
8:45 of 1st period - Stopped by Tomas Vokoun with a rebound.
8:47 of 1st period - Wrist shot by Darryl Boyce.
8:47 of 1st period - Shot Blocked by Dallas Jackson.
8:49 of 1st period - Slapshot by Carter Camper.
8:49 of 1st period - Stopped by Tomas Vokoun with a rebound.
9:06 of 1st period - Wrist shot by Carter Ashton.
9:06 of 1st period - Deflect By Derek Nesbitt.
9:06 of 1st period - Shot Misses the Net.
9:06 of 1st period - Puck is out of play.
9:07 of 1st period - Mike Zigomanis wins face-off versus Radek Dvorak in Whale zone.
9:17 of 1st period - Off-side.
9:18 of 1st period - Radek Dvorak wins face-off versus Darryl Boyce in neutral zone.
9:27 of 1st period - Wrist shot by Jay Rosehill.
9:27 of 1st period - Stopped by David LeNeveu with a rebound.
9:29 of 1st period - Snap shot by Derek Nesbitt.
9:29 of 1st period - Shot Blocked by Carter Camper.
9:33 of 1st period - Snap shot by Derek Nesbitt.
9:33 of 1st period - Shot Misses the Net.
9:35 of 1st period - Snap shot by Justin Falk.
9:35 of 1st period - Stopped by David LeNeveu without a rebound.
9:36 of 1st period - Kelly Zajac wins face-off versus Carter Camper in Admirals zone.
10:15 of 1st period - Kelly Zajac is hit by Carter Ashton and loses puck.
10:32 of 1st period - Slapshot by Justin Falk.
10:32 of 1st period - Deflect By Chris McKelvie.
10:32 of 1st period - Shot Misses the Net.
10:32 of 1st period - Puck is out of play.
10:33 of 1st period - Chris McKelvie wins face-off versus Ryan Bourque in Admirals zone.
11:10 of 1st period - Wrist shot by Brendan Ranford.
11:10 of 1st period - Stopped by David LeNeveu with a rebound.
11:48 of 1st period - Radek Dvorak is hit by Mike Sislo and loses puck.
11:57 of 1st period - Slapshot by Carter Camper.
11:57 of 1st period - Shot Misses the Net.
11:59 of 1st period - Wrist shot by Darryl Boyce.
11:59 of 1st period - Stopped by Tomas Vokoun without a rebound.
12:00 of 1st period - Kelly Zajac wins face-off versus Carter Camper in Whale zone.
12:12 of 1st period - Icing by Jon Sim.
12:13 of 1st period - Mike Zigomanis wins face-off versus Kelly Zajac in Whale zone.
12:35 of 1st period - Icing by Denis Grebeshkov.
12:36 of 1st period - Kelly Zajac wins face-off versus Carter Camper in Whale zone.
13:06 of 1st period - Wrist shot by Jean-Gabriel Pageau.
13:06 of 1st period - Deflect By Mike Zigomanis.
13:06 of 1st period - Shot Blocked by Jon Sim.
13:06 of 1st period - Puck is out of play.
13:07 of 1st period - Mike Zigomanis wins face-off versus Colin Fraser in Whale zone.
14:46 of 1st period - Off-side.
14:47 of 1st period - Ryan Bourque wins face-off versus Radek Dvorak in neutral zone.
15:04 of 1st period - Darryl Boyce is hit by Derek Nesbitt and loses puck.
15:29 of 1st period - Snap shot by Jon Sim.
15:29 of 1st period - Stopped by David LeNeveu with a rebound.
15:31 of 1st period - Slapshot by Kelly Zajac.
15:31 of 1st period - Stopped by David LeNeveu with a rebound.
15:33 of 1st period - Slapshot by Brennan Evans.
15:33 of 1st period - Shot Blocked by Cade Fairchild.
15:52 of 1st period - Snap shot by James Livingston.
15:52 of 1st period - Stopped by David LeNeveu with a rebound.
16:21 of 1st period - Nick Tarnasky is hit by Cade Fairchild and loses puck.
16:32 of 1st period - Radek Dvorak is hit by Jerry D'Amigo and loses puck.
16:41 of 1st period - Wrist shot by Jerry D'Amigo.
16:41 of 1st period - Shot Misses the Net.
18:32 of 1st period - Slapshot by Mike Hedden.
18:32 of 1st period - Deflect By Kelly Zajac.
18:32 of 1st period - Shot Blocked by Mike Zigomanis.
18:32 of 1st period - Puck is out of play.
18:33 of 1st period - Carter Camper wins face-off versus Kelly Zajac in Admirals zone.
18:33 of 1st period - Carter Camper is hit by Mike Hedden.
Goals for this period are 0 for Admirals vs 0 for Whale.
Shots for this period are 3 for Admirals vs 9 for Whale.

2nd period


0:01 of 2nd period - Carter Camper wins face-off versus Colin Fraser in neutral zone.
0:03 of 2nd period - Off-side.
0:04 of 2nd period - Radek Dvorak wins face-off versus Carter Camper in neutral zone.
0:27 of 2nd period - Jerry D'Amigo is hit by Colin Fraser and loses puck.
0:56 of 2nd period - Mike Zigomanis is hit by Jon Sim and loses puck.
1:19 of 2nd period - Snap shot by Jon Sim.
1:19 of 2nd period - Shot Hit the Post.
1:25 of 2nd period - Kelly Zajac is hit by Carter Ashton and loses puck.
1:55 of 2nd period - Snap shot by Mike Sislo.
1:55 of 2nd period - Shot Blocked by Mike Hedden.
2:15 of 2nd period - Wrist shot by Ryan Bourque.
2:15 of 2nd period - Shot Misses the Net.
2:17 of 2nd period - Snap shot by Ryan Bourque.
2:17 of 2nd period - Stopped by Tomas Vokoun with a rebound.
2:19 of 2nd period - Slapshot by Jonathan Marchessault.
2:19 of 2nd period - Stopped by Tomas Vokoun with a rebound.
2:35 of 2nd period - Snap shot by Brendan Ranford.
2:35 of 2nd period - Stopped by David LeNeveu without a rebound.
2:36 of 2nd period - Colin Fraser wins face-off versus Mike Zigomanis in Admirals zone.
2:49 of 2nd period - Snap shot by Radek Dvorak.
2:49 of 2nd period - Shot Blocked by Jean-Gabriel Pageau.
2:51 of 2nd period - Wrist shot by Justin Falk.
2:51 of 2nd period - Stopped by David LeNeveu with a rebound.
3:00 of 2nd period - Snap shot by Justin Falk.
3:00 of 2nd period - Stopped by David LeNeveu with a rebound.
3:02 of 2nd period - Slapshot by Dylan McIlrath.
3:02 of 2nd period - Shot Blocked by Jean-Gabriel Pageau.
3:04 of 2nd period - Wrist shot by Colin Fraser.
3:04 of 2nd period - Shot Blocked by Bryan Rodney.
3:06 of 2nd period - Wrist shot by Radek Dvorak.
3:06 of 2nd period - Shot Misses the Net.
3:24 of 2nd period - Darryl Boyce is hit by Radek Dvorak and loses puck.
3:29 of 2nd period - Wrist shot by Jay Rosehill.
3:29 of 2nd period - Shot Misses the Net.
3:31 of 2nd period - Snap shot by Derek Nesbitt.
3:31 of 2nd period - Shot Misses the Net.
4:41 of 2nd period - Mike Hedden is hit by Jonathan Marchessault and loses puck.
5:52 of 2nd period - Slapshot by Chris McKelvie.
5:52 of 2nd period - Shot Misses the Net.
5:54 of 2nd period - Slapshot by Mike Moore.
5:54 of 2nd period - Stopped by David LeNeveu with a rebound.
6:04 of 2nd period - Slapshot by Jon Sim.
6:04 of 2nd period - Stopped by David LeNeveu with a rebound.
7:42 of 2nd period - Jerry D'Amigo is hit by Brendan Ranford and loses puck.
8:08 of 2nd period - Minor Penalty to Nick Tarnasky for Interference.
8:09 of 2nd period - Jerry D'Amigo wins face-off versus Radek Dvorak in Whale zone.
8:56 of 2nd period - Carter Ashton is hit by Colin Fraser and loses puck.
9:01 of 2nd period - Snap shot by Colin Fraser.
9:01 of 2nd period - Stopped by David LeNeveu with a rebound.
9:03 of 2nd period - Snap shot by James Livingston.
9:03 of 2nd period - Shot Misses the Net.
9:05 of 2nd period - Slapshot by Colin Fraser.
9:05 of 2nd period - Shot Blocked by Bryan Rodney.
9:07 of 2nd period - Slapshot by Dallas Jackson.
9:07 of 2nd period - Shot Misses the Net.
9:25 of 2nd period - Snap shot by Jean-Gabriel Pageau.
9:25 of 2nd period - Stopped by Tomas Vokoun with a rebound.
9:27 of 2nd period - Slapshot by Cade Fairchild.
9:27 of 2nd period - Stopped by Tomas Vokoun without a rebound.
9:28 of 2nd period - Jean-Gabriel Pageau wins face-off versus Radek Dvorak in Whale zone.
10:05 of 2nd period - Mike Hedden is hit by Jerry D'Amigo and loses puck.
10:08 of 2nd period - Penalty to Nick Tarnasky is over, Nick Tarnasky is back on ice.
10:18 of 2nd period - Snap shot by Darryl Boyce.
10:18 of 2nd period - Stopped by Tomas Vokoun with a rebound.
10:20 of 2nd period - Slapshot by Mike Sislo.
10:20 of 2nd period - Deflect By Darryl Boyce.
10:20 of 2nd period - Stopped by Tomas Vokoun with a rebound.
10:28 of 2nd period - Snap shot by Mike Sislo.
10:28 of 2nd period - Stopped by Tomas Vokoun with a rebound.
11:03 of 2nd period - Alex Grant is hit by Jay Rosehill and loses puck.
11:08 of 2nd period - Snap shot by Jay Rosehill.
11:08 of 2nd period - Stopped by David LeNeveu with a rebound.
11:10 of 2nd period - Wrist shot by Brendan Ranford.
11:10 of 2nd period - Shot Misses the Net.
11:50 of 2nd period - Slapshot by Jon Sim.
11:50 of 2nd period - Shot Blocked by Carter Camper.
12:46 of 2nd period - Jean-Gabriel Pageau is hit by Radek Dvorak and loses puck.
14:17 of 2nd period - Minor Penalty to Justin Falk for Hooking.
14:18 of 2nd period - Jean-Gabriel Pageau wins face-off versus Chris McKelvie in Whale zone.
14:29 of 2nd period - Mike Moore is hit by Bryan Rodney and loses puck.
14:52 of 2nd period - Slapshot by Mike Zigomanis.
14:52 of 2nd period - Goal by Mike Zigomanis - Admirals : 1 - Whale : 0.
14:53 of 2nd period - Kelly Zajac wins face-off versus Mike Sislo in neutral zone.
16:15 of 2nd period - Darryl Boyce is hit by Mike Moore and loses puck.
17:06 of 2nd period - Snap shot by Carter Ashton.
17:06 of 2nd period - Shot Misses the Net.
17:56 of 2nd period - Wrist shot by Jon Sim.
17:56 of 2nd period - Stopped by David LeNeveu without a rebound.
17:57 of 2nd period - Jonathan Marchessault wins face-off versus Kelly Zajac in Admirals zone.
18:24 of 2nd period - Wrist shot by Carter Ashton.
18:24 of 2nd period - Stopped by Tomas Vokoun with a rebound.
18:52 of 2nd period - Alex Grant is hit by Brendan Ranford and loses puck.
19:29 of 2nd period - Slapshot by Mike Sislo.
19:29 of 2nd period - Stopped by Tomas Vokoun with a rebound.
Goals for this period are 1 for Admirals vs 0 for Whale.
Shots for this period are 10 for Admirals vs 8 for Whale.

3rd period


0:01 of 3rd period - Colin Fraser wins face-off versus Jerry D'Amigo in neutral zone.
0:08 of 3rd period - Wrist shot by Nick Tarnasky.
0:08 of 3rd period - Stopped by David LeNeveu with a rebound.
0:10 of 3rd period - Wrist shot by Radek Dvorak.
0:10 of 3rd period - Deflect By Carter Camper.
0:10 of 3rd period - Shot Blocked by Alex Grant.
0:10 of 3rd period - Puck is out of play.
0:11 of 3rd period - Carter Camper wins face-off versus Colin Fraser in Admirals zone.
0:22 of 3rd period - Snap shot by Jonathan Marchessault.
0:22 of 3rd period - Shot Misses the Net.
0:40 of 3rd period - Slapshot by Radek Dvorak.
0:40 of 3rd period - Goal by Radek Dvorak - Admirals : 1 - Whale : 1.
0:41 of 3rd period - Kelly Zajac wins face-off versus Mike Zigomanis in neutral zone.
1:13 of 3rd period - Slapshot by Mike Hedden.
1:13 of 3rd period - Stopped by David LeNeveu with a rebound.
1:33 of 3rd period - Nick Tarnasky is hit by Jonathan Marchessault.
1:37 of 3rd period - Justin Falk is hit by Alex Grant and loses puck.
1:56 of 3rd period - Snap shot by Radek Dvorak.
1:56 of 3rd period - Stopped by David LeNeveu with a rebound.
1:58 of 3rd period - Snap shot by Nick Tarnasky.
1:58 of 3rd period - Stopped by David LeNeveu with a rebound.
2:00 of 3rd period - Slapshot by Radek Dvorak.
2:00 of 3rd period - Shot Misses the Net.
2:02 of 3rd period - Snap shot by Colin Fraser.
2:02 of 3rd period - Shot Misses the Net.
2:04 of 3rd period - Wrist shot by Radek Dvorak.
2:04 of 3rd period - Shot Misses the Net.
2:26 of 3rd period - Slapshot by Mike Moore.
2:26 of 3rd period - Shot Blocked by Cade Fairchild.
3:41 of 3rd period - Snap shot by Carter Camper.
3:41 of 3rd period - Shot Misses the Net.
3:43 of 3rd period - Slapshot by Bryan Rodney.
3:43 of 3rd period - Stopped by Tomas Vokoun with a rebound.
3:45 of 3rd period - Snap shot by Bryan Rodney.
3:45 of 3rd period - Shot Misses the Net.
3:47 of 3rd period - Wrist shot by Carter Camper.
3:47 of 3rd period - Shot Misses the Net.
3:49 of 3rd period - Snap shot by Carter Camper.
3:49 of 3rd period - Shot Misses the Net.
3:51 of 3rd period - Wrist shot by Carter Camper.
3:51 of 3rd period - Stopped by Tomas Vokoun with a rebound.
3:53 of 3rd period - Snap shot by Mike Sislo.
3:53 of 3rd period - Shot Misses the Net.
4:12 of 3rd period - Jay Rosehill beats up Carter Ashton.
4:12 of 3rd period - Penalty to Jay Rosehill for Fighting.
4:12 of 3rd period - Penalty to Carter Ashton for Fighting.
4:12 of 3rd period - Penalty to Jay Rosehill for instigated a fight.
4:12 of 3rd period - Penalty to Jay Rosehill for instigated a fight.
4:13 of 3rd period - Jean-Gabriel Pageau wins face-off versus Colin Fraser in neutral zone.
4:20 of 3rd period - Snap shot by Jean-Gabriel Pageau.
4:20 of 3rd period - Shot Misses the Net.
4:22 of 3rd period - Slapshot by Alex Grant.
4:22 of 3rd period - Deflect By Colin Fraser.
4:22 of 3rd period - Stopped by Tomas Vokoun with a rebound.
4:24 of 3rd period - Wrist shot by Jerry D'Amigo.
4:24 of 3rd period - Stopped by Tomas Vokoun with a rebound.
5:14 of 3rd period - Justin Falk is hit by Carter Camper and loses puck.
5:44 of 3rd period - Slapshot by Jerry D'Amigo.
5:44 of 3rd period - Stopped by Tomas Vokoun with a rebound.
6:12 of 3rd period - Penalty to Jay Rosehill is over, Derek Nesbitt is send on ice.
6:46 of 3rd period - Cade Fairchild is hit by Brennan Evans and loses puck.
7:15 of 3rd period - Mike Sislo is hit by Brennan Evans and loses puck.
7:34 of 3rd period - Chris McKelvie is hit by Alex Grant and loses puck.
7:55 of 3rd period - Denis Grebeshkov is hit by Jerry D'Amigo and loses puck.
9:59 of 3rd period - Dallas Jackson is hit by Cade Fairchild and loses puck.
10:20 of 3rd period - Wrist shot by Colin Fraser.
10:20 of 3rd period - Shot Misses the Net.
10:22 of 3rd period - Snap shot by Nick Tarnasky.
10:22 of 3rd period - Shot Misses the Net.
10:26 of 3rd period - Wrist shot by Colin Fraser.
10:26 of 3rd period - Shot Blocked by Carter Ashton.
10:53 of 3rd period - Slapshot by James Livingston.
10:53 of 3rd period - Shot Blocked by Bryan Rodney.
10:55 of 3rd period - Slapshot by Dallas Jackson.
10:55 of 3rd period - Shot Blocked by Darryl Boyce.
12:00 of 3rd period - Maxime Langelier-Parent is hit by Colin Fraser and loses puck.
12:05 of 3rd period - Slapshot by Colin Fraser.
12:05 of 3rd period - Shot Blocked by Nathan McIver.
13:09 of 3rd period - Cade Fairchild is hit by Chris McKelvie and loses puck.
13:36 of 3rd period - Wrist shot by Jonathan Marchessault.
13:36 of 3rd period - Shot Misses the Net.
13:58 of 3rd period - Snap shot by Jean-Gabriel Pageau.
13:58 of 3rd period - Stopped by Tomas Vokoun with a rebound.
14:00 of 3rd period - Slapshot by Bryan Rodney.
14:00 of 3rd period - Shot Misses the Net.
14:02 of 3rd period - Wrist shot by Maxime Langelier-Parent.
14:02 of 3rd period - Shot Misses the Net.
15:29 of 3rd period - Bryan Rodney is hit by James Livingston and loses puck.
15:38 of 3rd period - Brendan Ranford is hit by Farm Player2 and loses puck.
15:59 of 3rd period - Snap shot by Radek Dvorak.
15:59 of 3rd period - Shot Blocked by Cade Fairchild.
16:30 of 3rd period - Jean-Gabriel Pageau is hit by Brennan Evans.
17:16 of 3rd period - Slapshot by Dallas Jackson.
17:16 of 3rd period - Stopped by David LeNeveu with a rebound.
17:38 of 3rd period - Brendan Ranford is hit by Brayden Irwin and loses puck.
18:38 of 3rd period - Slapshot by Jean-Gabriel Pageau.
18:38 of 3rd period - Shot Hit the Post.
18:44 of 3rd period - Slapshot by Brayden Irwin.
18:44 of 3rd period - Stopped by Tomas Vokoun with a rebound.
19:12 of 3rd period - 10 Minutes Misconduct Penalty to Jay Rosehill is over.
19:22 of 3rd period - Wrist shot by Mike Sislo.
19:22 of 3rd period - Shot Misses the Net.
19:24 of 3rd period - Slapshot by Carter Ashton.
19:24 of 3rd period - Stopped by Tomas Vokoun with a rebound.
19:26 of 3rd period - Slapshot by Carter Ashton.
19:26 of 3rd period - Deflect By Brayden Irwin.
19:26 of 3rd period - Stopped by Tomas Vokoun with a rebound.
19:57 of 3rd period - Nick Tarnasky is hit by Carter Ashton and loses puck.
Goals for this period are 0 for Admirals vs 1 for Whale.
Shots for this period are 9 for Admirals vs 6 for Whale.

Overtime #1


0:01 of 1st overtime period - Colin Fraser wins face-off versus Jonathan Marchessault in neutral zone.
0:22 of 1st overtime period - Wrist shot by Carter Camper.
0:22 of 1st overtime period - Deflect By Jonathan Marchessault.
0:22 of 1st overtime period - Shot Blocked by Justin Falk.
0:22 of 1st overtime period - Puck is out of play.
0:23 of 1st overtime period - Carter Camper wins face-off versus Radek Dvorak in Whale zone.
0:28 of 1st overtime period - Slapshot by Jonathan Marchessault.
0:28 of 1st overtime period - Shot Misses the Net.
0:30 of 1st overtime period - Slapshot by Carter Camper.
0:30 of 1st overtime period - Stopped by Tomas Vokoun without a rebound.
0:31 of 1st overtime period - Radek Dvorak wins face-off versus Jonathan Marchessault in Whale zone.
1:13 of 1st overtime period - Snap shot by Jonathan Marchessault.
1:13 of 1st overtime period - Stopped by Tomas Vokoun with a rebound.
1:37 of 1st overtime period - Snap shot by Jonathan Marchessault.
1:37 of 1st overtime period - Stopped by Tomas Vokoun with a rebound.
1:41 of 1st overtime period - Slapshot by Jonathan Marchessault.
1:41 of 1st overtime period - Deflect By Carter Camper.
1:41 of 1st overtime period - Stopped by Tomas Vokoun with a rebound.
2:01 of 1st overtime period - Slapshot by Darryl Boyce.
2:01 of 1st overtime period - Stopped by Tomas Vokoun without a rebound.
2:02 of 1st overtime period - Brendan Ranford wins face-off versus Ryan Bourque in Whale zone.
2:27 of 1st overtime period - Wrist shot by Darryl Boyce.
2:27 of 1st overtime period - Shot Misses the Net.
2:29 of 1st overtime period - Slapshot by Ryan Bourque.
2:29 of 1st overtime period - Shot Misses the Net.
2:31 of 1st overtime period - Slapshot by Alex Grant.
2:31 of 1st overtime period - Stopped by Tomas Vokoun with a rebound.
3:13 of 1st overtime period - Slapshot by Mike Hedden.
3:13 of 1st overtime period - Stopped by David LeNeveu with a rebound.
3:15 of 1st overtime period - Slapshot by Denis Grebeshkov.
3:15 of 1st overtime period - Shot Misses the Net.
3:17 of 1st overtime period - Snap shot by Denis Grebeshkov.
3:17 of 1st overtime period - Shot Blocked by Cade Fairchild.
3:19 of 1st overtime period - Slapshot by Denis Grebeshkov.
3:19 of 1st overtime period - Shot Blocked by Cade Fairchild.
3:21 of 1st overtime period - Snap shot by James Livingston.
3:21 of 1st overtime period - Deflect By Mike Hedden.
3:21 of 1st overtime period - Stopped by David LeNeveu with a rebound.
3:36 of 1st overtime period - Snap shot by Dallas Jackson.
3:36 of 1st overtime period - Deflect By Mike Hedden.
3:36 of 1st overtime period - Shot Misses the Net.
3:36 of 1st overtime period - Puck is out of play.
3:37 of 1st overtime period - Jonathan Marchessault wins face-off versus Radek Dvorak in Admirals zone.
4:06 of 1st overtime period - Alex Grant is hit by Dallas Jackson and loses puck.
4:32 of 1st overtime period - Snap shot by Justin Falk.
4:32 of 1st overtime period - Shot Blocked by Ryan Bourque.
4:53 of 1st overtime period - Icing by Jonathan Marchessault.
4:54 of 1st overtime period - Brendan Ranford wins face-off versus Jonathan Marchessault in Admirals zone.
4:57 of 1st overtime period - Wrist shot by Jay Rosehill.
4:57 of 1st overtime period - Stopped by David LeNeveu without a rebound.
4:58 of 1st overtime period - Brendan Ranford wins face-off versus Jonathan Marchessault in Admirals zone.
4:59 of 1st overtime period - Slapshot by Jay Rosehill.
4:59 of 1st overtime period - Deflect By Jonathan Marchessault.
4:59 of 1st overtime period - Shot Misses the Net.
4:59 of 1st overtime period - Puck is out of play.
Goals for this period are 0 for Admirals vs 0 for Whale.
Shots for this period are 6 for Admirals vs 3 for Whale.

ShootOut


5:00 of 1st overtime period - Penalty Shot by Jonathan Marchessault for Admirals.
5:00 of 1st overtime period - Snap shot by Jonathan Marchessault.
5:00 of 1st overtime period - Shot Misses the Net.
5:00 of 1st overtime period - Penalty Shot by Radek Dvorak for Whale.
5:00 of 1st overtime period - Deke by Radek Dvorak.
5:00 of 1st overtime period - Stopped by David LeNeveu.
5:00 of 1st overtime period - Penalty Shot by Jean-Gabriel Pageau for Admirals.
5:00 of 1st overtime period - Snap shot by Jean-Gabriel Pageau.
5:00 of 1st overtime period - Stopped by Tomas Vokoun.
5:00 of 1st overtime period - Penalty Shot by Colin Fraser for Whale.
5:00 of 1st overtime period - Backhand shot by Colin Fraser.
5:00 of 1st overtime period - Stopped by David LeNeveu.
5:00 of 1st overtime period - Penalty Shot by Mike Zigomanis for Admirals.
5:00 of 1st overtime period - Wrist shot by Mike Zigomanis.
5:00 of 1st overtime period - Shot Misses the Net.
5:00 of 1st overtime period - Penalty Shot by Nick Tarnasky for Whale.
5:00 of 1st overtime period - Deke by Nick Tarnasky.
5:00 of 1st overtime period - Stopped by David LeNeveu.
5:00 of 1st overtime period - Penalty Shot by Jerry D'Amigo for Admirals.
5:00 of 1st overtime period - Deke by Jerry D'Amigo.
5:00 of 1st overtime period - Stopped by Tomas Vokoun.
5:00 of 1st overtime period - Penalty Shot by Mike Hedden for Whale.
5:00 of 1st overtime period - Snap shot by Mike Hedden.
5:00 of 1st overtime period - Stopped by David LeNeveu.
5:00 of 1st overtime period - Penalty Shot by Carter Camper for Admirals.
5:00 of 1st overtime period - Snap shot by Carter Camper.
5:00 of 1st overtime period - Goal by Carter Camper.
5:00 of 1st overtime period - Penalty Shot by Kelly Zajac for Whale.
5:00 of 1st overtime period - Wrist shot by Kelly Zajac.
5:00 of 1st overtime period - Stopped by David LeNeveu.


Output by the SimonT Hockey Simulator (STHS) for Eric Dolegowski -- Original Page W3C XHTML 1.0 Valid
Hockey Simulator - Hockey Simulation - Hockey Manager